 Dungeon Crawl Stone Soup version 0.26-a0-663-g36e8fdb655 (webtiles) character file.

Game seed: 8762583130180185536

22 Borbozo the Caller (level 2, 0/19 HPs)
             Began as a Barachi Summoner on Oct 10, 2020.
             Slain by a rat (3 damage)
             ... on level 2 of the Dungeon.
             The game lasted 00:11:29 (1966 turns).

Borbozo the Caller (Barachi Summoner)               Turns: 1966, Time: 00:11:30

Health: 0/19       AC:  2    Str:  9    XL:     2   Next: 91%
Magic:  3/5        EV: 12    Int: 15    God:
Gold:   112        SH:  0    Dex: 12    Spells: 3/6 levels left

rFire    + . .     SeeInvis .   (no weapon)
rCold    + . .     Faith    .   (no shield)
rNeg     . . .     Spirit   .   a - +0 robe
rPois    +         Reflect  .   (no helmet)
rElec    +         Harm     .   (no cloak)
rCorr    +         Rampage  .   (no gloves)
MR       .....                  (no boots)
Stlth    ++........             (no amulet)
HPRegen  0.06/turn              (no ring)
MPRegen  0.09/turn              (no ring)

@: brilliant, resistant, can't hop, slow
A: +LOS, swims, mutation resistance 1, slowness 1, strong legs 1
a: Hop


You were on level 2 of the Dungeon.
You visited 1 branch of the dungeon, and saw 2 of its levels.

You collected 112 gold pieces.

Inventory:

Hand Weapons
 f - a +0 dagger
 i - a cursed +0 dagger
Missiles
 o - 11 poisoned darts (quivered)
Armour
 a - a +0 robe (worn)
 l - a +0 robe
Jewellery
 d - a +6 ring of dexterity {unknown}
 j - an uncursed ring of see invisible {unknown}
 m - an uncursed ring of ice {unknown}
Scrolls
 c - a scroll of identify {unknown}
 h - a scroll of immolation {unknown}
 n - a scroll of fog {unknown}


   Skills:
 + Level 2.1 Dodging
 + Level 1.8 Stealth
 + Level 2.7 Spellcasting
 + Level 5.4 Summonings


You had 3 spell levels left.
You knew the following spells:

 Your Spells              Type           Power        Failure   Level
a - Summon Small Mammal   Summ           ####         2%          1
b - Call Imp              Summ           ####....     3%          2

Your spell library contained the following spells:

 Spells                   Type           Power        Failure   Level
 Call Canine Familiar     Summ           ####....     7%          3
 Summon Guardian Golem    Hex/Summ       ###.....     21%         3
 Summon Ice Beast         Ice/Summ       ###.....     56%         4
 Summon Lightning Spire   Summ/Air       ###.....     56%         4


Dungeon Overview and Level Annotations

Branches:
Dungeon (2/15)

Altars:


Innate Abilities, Weirdness & Mutations

You can be seen from farther away. (+LOS)
You can swim through water.
You cover ground slowly.
You can hop short distances.
You are somewhat resistant to further mutation.


Message History

You feel clever all of a sudden. The adder barely misses you.
The kobold closely misses you. The adder misses you.
Your crimson imp closely misses the adder.
The rat completely misses you.
It was a potion of resistance.
You feel protected.
Your crimson imp disappears in a puff of smoke!
The adder bites you.
* * * LOW HITPOINT WARNING * * *
Your crimson imp closely misses the adder.
The rat bites you but does no damage.
You feel sick.
You are no longer poisoned.
Your crimson imp hits the rat.
The adder misses you.
The hobgoblin closely misses your crimson imp.
The adder closely misses you. The rat barely misses you.
Your crimson imp disappears in a puff of smoke!
The rat bites you.
You die...

.......(...........# #..5(
#............##### ##..(
#....5......# #########..
#....>......###..5r5.r5..
#..........(#...######.#.
#..##.....g..........#####...
#...!....§.......>........##
#...#......r................#
........l.K.S@................
.......)....K..#..............
.........###.##...........†...
.......### #.#............†...
....... .^(.#..............
.#....# $..###..............
###.# .### ##....)........ .
.# ##...........# .#
##........###


You could see an adder, a hobgoblin, 2 kobolds, a frilled lizard, a rat and a
friendly crimson imp (summoned).

Vanquished Creatures
  A kobold (D:2)
1 creature vanquished.

Vanquished Creatures (collateral kills)
  A leopard gecko (D:1)
  4 bats
  2 giant cockroaches
  5 hobgoblins
  2 jackals (D:1)
  5 goblins
  3 kobolds (D:1)
  7 rats
29 creatures vanquished.

Grand Total: 30 creatures vanquished

Notes
Turn   | Place    | Note
-------+----------+-------------------------------------------
     0 | D:1      | Borbozo the Barachi Summoner began the quest for the Orb.
     0 | D:1      | Reached XP level 1. HP: 13/13 MP: 3/3
   212 | D:1      | Reached skill level 5 in Summonings
   328 | D:1      | Reached XP level 2. HP: 14/19 MP: 0/5
   423 | D:1      | Learned a level 2 spell: Call Imp
  1944 | D:2      | Gained mutation: Your body sometimes deteriorates upon
                  | taking damage. [potion of mutation]
  1944 | D:2      | Lost mutation: Your body sometimes deteriorates upon taking
                  | damage. [potion of mutation]
  1944 | D:2      | Gained mutation: You are somewhat resistant to further
                  | mutation. [potion of mutation]
  1966 | D:2      | Slain by a rat

Illustrated notes

Levels and vault maps discovered:
D:1:      lemuel_arrival_tunnels, layout_basic
D:2:      layout_rooms, minmay_tromino_v7

Skill      XL: |  1 |
---------------+----+-----
Summonings     | 5 |  5.4
Dodging        | |  2.1
Stealth        | |  1.8
Spellcasting   | |  2.7

Action                   || total
-------------------------++-------
Melee: Unarmed           ||     9
Throw: Dart              ||     3
 Cast: Summon Small Mamm ||    13
       Call Imp          ||    24
 Abil: Hop               ||     1
  Use: Potion            ||     4
 Stab: Sleeping          ||     1
Armor: Robe              ||    25
Dodge: Dodged            ||    53

Table legend: (Time is in decaauts)
 A = Elapsed time spent in this place.
 B = Non-inter-level travel time spent in this place.
 C = Inter-level travel time spent in this place.
 D = Time resting spent in this place.
 E = Time spent auto-exploring this place.
 F = Levels seen in this place.
 G = Mean time per level.
                   A        B        C        D        E       F      G
               +--------+--------+--------+--------+--------+-----+--------+
         Total |   2150 |   2150 |      0 |    885 |      0 |   2 | 1075.0 |
       Dungeon |   2150 |   2150 |      0 |    885 |      0 |   2 | 1075.0 |
               +--------+--------+--------+--------+--------+-----+--------+

Top non-repeatable levels by time:
     D:1: 1693 daAuts
     D:2: 456 daAuts
